Map: Automaton LE

Players

Cham

  • Race: Zerg Zerg
  • League: Master
  • Spawn Location: 3:00

puCK (Nina) - Winner!

  • Race: Protoss Protoss
  • League: Grandmaster
  • Spawn Location: 9:00

Event: 2019 WCS Winter Americas

VOD

Have the link to the VOD?

Description

Time

  • Played on: March 23, 2019, 1:17 p.m.
  • Length: 12:08

All games in this series

Show
View Real Time Build Order
Export as new Build Order

Cham Zerg 

Build Orders: Hatch First, Roach Hydra 

Get SALT Encoding   

  12  0:00  Drone  
  13  0:08  Drone  
  14  0:17  Overlord  
  14  0:36  Drone x2  
  16  0:49  Hatchery  
  15  0:53  Drone  
  15  0:56  Drone  
  17  1:00  Drone  
  18  1:11  Extractor  
  17  1:18  Spawning Pool  
  17  1:22  Drone  
  17  1:23  Drone  
  18  1:30  Drone  
  19  1:41  Drone  
  20  1:52  Drone  
  21  2:03  Overlord  
  21  2:07  Queen x2  
  25  2:08  Zergling x2  
  25  2:13  Zergling x2  
  25  2:14  Drone  
  28  2:16  Metabolic Boost  
  29  2:22  Drone  
  29  2:24  Drone  
  30  2:34  Drone  
  31  2:43  Hatchery  
  30  2:47  Drone x2  
  32  2:52  Overlord  
  32  3:01  Queen  
  32  3:02  Overlord  
  32  3:04  Drone  
  34  3:13  Zergling x4  
  34  3:17  Drone x3  
  34  3:18  Drone  
  40  3:23  Overlord  
  40  3:25  Drone x2  
  42  3:32  Drone x2  
  44  3:35  Queen  
  44  3:41  Queen  
  46  3:47  Spore Crawler  
  47  3:49  Drone  
  47  3:50  Overlord  
  47  3:52  Drone  
  47  3:53  Drone  
  50  3:57  Drone x2  
  50  4:02  Overlord  
  52  4:03  Drone x2  
  52  4:05  Drone  
  52  4:08  Drone  
  52  4:09  Drone  
  57  4:16  Overlord  
  57  4:17  Drone x2  
  57  4:18  Drone  
  59  4:24  Drone x3  
  59  4:28  Spore Crawler  
  59  4:32  Spore Crawler  
  59  4:36  Roach Warren, Lair  
  59  4:39  Extractor  
  59  4:40  Extractor, Drone x2  
  59  4:41  Extractor  
  59  4:43  Drone x2  
  59  4:44  Drone  
  61  4:46  Drone  
  61  4:47  Drone  
  61  4:50  Zergling x2  
  61  4:51  Zergling x4  
  66  4:54  Drone x2  
  66  4:56  Drone  
  66  4:58  Overlord  
  69  5:04  Drone x3  
  69  5:05  Drone  
  73  5:10  Overlord  
  73  5:15  Drone x2  
  73  5:16  Drone  
  73  5:19  Drone x2  
  78  5:22  Extractor, Drone x2  
  78  5:23  Extractor  
  78  5:25  Evolution Chamber  
  78  5:27  Drone x2  
  78  5:28  Drone, Overlord, Evolution Chamber  
  80  5:29  Drone  
  80  5:30  Drone  
  80  5:35  Hydralisk Den  
  80  5:36  Drone x2  
  80  5:37  Glial Reconstitution  
  80  5:42  Spore Crawler  
  83  5:43  Roach x2  
  83  5:49  Overlord  
  89  5:50  Roach x2  
  89  5:52  Zerg Missile Weapons Level 1  
  89  5:59  Overlord  
  89  6:04  Hatchery  
  88  6:11  Overlord  
  88  6:12  Roach x2  
  88  6:13  Grooved Spines  
  88  6:15  Hydralisk  
  88  6:16  Hydralisk  
  88  6:17  Hydralisk  
  98  6:20  Hydralisk  
  98  6:21  Hydralisk  
  98  6:24  Pneumatized Carapace  
  98  6:25  Hydralisk  
  102  6:28  Overlord  
  102  6:29  Hydralisk  
  102  6:32  Overseer  
  106  6:35  Hydralisk x2  
  106  6:37  Hydralisk  
  112  6:42  Overlord  
  112  6:45  Hydralisk  
  114  6:47  Overlord  
  114  6:52  Overseer  
  114  6:56  Overlord, Hydralisk x2  
  114  6:57  Hydralisk  
  114  7:00  Hydralisk  
  122  7:05  Hydralisk x3  
  128  7:11  Overlord  
  127  7:16  Hydralisk x3  
  133  7:24  Muscular Augments  
  133  7:26  Hydralisk  
  133  7:28  Overlord  
  133  7:29  Hydralisk  
  135  7:31  Zergling x2  
  135  7:33  Drone  
  135  7:34  Zergling x6  
  135  7:35  Overlord  
  142  7:38  Nydus Network  
  142  7:42  Roach  
  142  7:43  Roach  
  145  7:45  Roach x2  
  145  7:46  Hydralisk  
  145  7:50  Drone  
  156  7:51  Roach x2  
  156  7:55  Roach x2  
  156  7:57  Overlord  
  160  8:01  Hydralisk x2  
  164  8:06  Overlord, Hydralisk  
  161  8:15  Nydus Canal  
  161  8:17  Hydralisk  
  161  8:18  Roach x3  
  166  8:22  Roach x2, Hydralisk  
  166  8:23  Roach  
  166  8:24  Roach  
  176  8:32  Roach x3  
  182  8:37  Nydus Canal  
  180  8:46  Nydus Canal  
  180  8:54  Drone x3  
  180  8:55  Lurker Den  
  182  8:56  Extractor  
  182  9:00  Roach  
  182  9:01  Extractor  
  182  9:02  Nydus Canal  
  182  9:08  Overlord x2  
  182  9:12  Zerg Ground Armor Level 1  
  182  9:13  Drone  
  182  9:29  Nydus Canal  
  129  9:38  Hydralisk  
  129  9:39  Hydralisk x12  
  129  9:41  Zergling x10  
  150  9:45  Hydralisk  
  150  9:55  Drone  
  150  9:58  Infestation Pit  
  148  10:00  Nydus Canal, Hydralisk x2  
  148  10:01  Zergling x4  
  148  10:02  Hydralisk  
  148  10:06  Hydralisk  
  148  10:07  Hydralisk  
  156  10:11  Hydralisk  
  157  10:15  Hydralisk x2  
  157  10:16  Zergling x2  
  140  10:25  Hydralisk x2  
  107  10:29  Hydralisk x4  
  107  10:30  Hydralisk  
  107  10:31  Hydralisk  
  107  10:32  Zergling x4  
  107  10:33  Hydralisk  
  116  10:36  Zergling x4  
  116  10:38  Hydralisk  
  109  10:47  Hydralisk  
  109  10:48  Zergling x2, Hydralisk  
  104  10:52  Hydralisk  
  104  10:55  Hydralisk  
  107  11:00  Hydralisk  
  108  11:06  Hydralisk x2  
  102  11:11  Hydralisk  
  102  11:14  Hydralisk  
  102  11:18  Hydralisk  
  104  11:22  Lurker x2  
  104  11:24  Nydus Canal  
  108  11:25  Hydralisk  
  108  11:26  Zergling x2  
  108  11:27  Zergling x4  
  108  11:28  Hydralisk  
  108  11:29  Zergling x2  
  108  11:30  Zergling x6  
  108  11:31  Zergling x2  
  119  11:37  Nydus Canal  
  119  11:38  Hydralisk  
  121  11:43  Hatchery  
  121  11:44  Zergling x4  
  122  11:49  Roach  
  124  11:57  Nydus Canal  
Show
View Real Time Build Order
Export as new Build Order

puCK Protoss - Winner!

Build Orders: 1 Gate Expand, Oracle Opening, Archon Immortal 

Get SALT Encoding   

  12  0:00  Probe  
  13  0:12  Probe  
  14  0:18  Pylon  
  14  0:24  Probe  
  15  0:33  Probe  
  15  0:40  Gateway  
  15  0:41  Probe  
  17  0:50  Assimilator  
  17  0:51  Probe  
  18  1:03  Probe  
  19  1:15  Probe  
  20  1:29  Nexus  
  20  1:40  Cybernetics Core  
  20  1:43  Probe  
  21  1:52  Assimilator  
  21  1:55  Probe  
  21  2:00  Pylon  
  22  2:07  Probe  
  23  2:08  Stalker  
  23  2:19  Probe  
  23  2:20  Warp Gate  
  26  2:31  Probe  
  26  2:36  Stargate  
  27  2:38  Probe  
  27  2:40  Probe  
  27  2:44  Adept  
  31  2:47  Probe  
  31  2:48  Probe  
  32  2:56  Probe  
  33  3:03  Probe  
  33  3:04  Adept  
  35  3:11  Gateway  
  35  3:17  Probe  
  35  3:18  Probe  
  35  3:19  Oracle  
  42  3:29  Probe  
  42  3:30  Pylon  
  42  3:32  Probe  
  44  3:41  Probe  
  44  3:44  Probe  
  46  3:50  Oracle  
  46  3:53  Probe  
  47  3:56  Probe  
  51  4:05  Probe, Pylon x2  
  51  4:08  Probe  
  53  4:18  Probe  
  53  4:23  Probe  
  55  4:27  Phoenix  
  55  4:30  Probe  
  58  4:35  Probe  
  58  4:37  Nexus  
  59  4:41  Assimilator x2  
  59  4:42  Probe, Pylon  
  59  4:43  Pylon  
  60  4:47  Probe  
  60  4:51  Robotics Facility  
  61  4:54  Probe  
  61  4:59  Probe, Gateway  
  63  5:00  Pylon  
  63  5:06  Probe  
  64  5:07  Gateway  
  64  5:11  Probe, Twilight Council  
  64  5:14  Zealot  
  67  5:18  Probe  
  68  5:23  Probe  
  68  5:26  Robotics Facility  
  69  5:30  Probe  
  69  5:31  Immortal  
  70  5:36  Probe  
  70  5:42  Probe  
  76  5:45  Zealot x2  
  76  5:48  Probe  
  81  5:50  Charge  
  81  5:52  Forge  
  81  5:54  Probe x2  
  83  6:00  Probe  
  83  6:01  Immortal  
  84  6:06  Probe x2  
  84  6:08  Immortal  
  90  6:12  Probe  
  90  6:18  Probe  
  92  6:19  Probe  
  92  6:24  Probe, Pylon  
  98  6:25  Assimilator  
  98  6:28  Assimilator  
  98  6:30  Probe  
  98  6:31  Probe  
  100  6:36  Probe, Protoss Ground Weapons Level 1  
  100  6:38  Templar Archives  
  100  6:39  Sentry  
  103  6:41  Immortal  
  103  6:42  Probe, Zealot  
  103  6:45  Pylon  
  107  6:47  Pylon  
  107  6:49  Observer  
  112  6:54  Pylon  
  112  7:00  Zealot x2  
  115  7:04  Pylon  
  115  7:05  Pylon, Immortal  
  115  7:08  Gateway  
  115  7:11  Immortal  
  115  7:13  Gateway  
  120  7:23  Gateway  
  120  7:27  Psionic Storm  
  120  7:34  Immortal  
  120  7:36  High Templar x2  
  124  7:39  Gateway  
  124  7:42  Shield Battery  
  124  7:43  Zealot  
  124  7:44  Zealot  
  132  7:53  Immortal  
  132  7:58  Photon Cannon x2  
  136  8:10  Zealot x2  
  140  8:15  Probe  
  139  8:20  Zealot x5  
  149  8:31  Protoss Ground Weapons Level 2  
  149  8:32  Pylon  
  149  8:33  Pylon  
  149  8:37  Pylon  
  149  8:49  Photon Cannon  
  149  8:50  Probe  
  149  8:51  Observer, High Templar x3  
  149  8:53  Nexus  
  156  8:56  High Templar x3  
  156  8:57  High Templar  
  165  9:02  Observer, Archon  
  165  9:03  Archon  
  165  9:05  Zealot  
  165  9:07  Gateway  
  168  9:10  Gateway, Pylon  
  168  9:11  Pylon  
  168  9:14  Pylon  
  168  9:15  Pylon  
  164  9:34  Zealot x5  
  162  9:46  Zealot x3  
  161  9:55  Probe  
  162  10:00  Stalker  
  162  10:01  Stalker x3  
  162  10:02  Zealot x2  
  174  10:10  Probe  
  174  10:11  Probe x2, Nexus  
  137  10:31  Zealot x10  
  137  10:34  Probe x2  
  159  10:37  Pylon x2  
  159  10:39  Assimilator  
  159  10:40  Assimilator  
  153  10:58  Immortal x2  
  153  11:02  High Templar x4, Zealot  
  153  11:03  Zealot x4  
  175  11:10  Archon  
  169  11:17  Pylon  
  161  11:19  Pylon  
  161  11:20  Probe  
  161  11:24  High Templar x4  
  166  11:31  Archon  
  166  11:32  Archon  
  164  11:34  Probe x4  
  164  11:39  Zealot x6  
  164  11:59  Stalker x4  
  164  12:00  Zealot x4  
Tags
 
Add a new tag
Caveats
  • Supply blocks, unpowered buildings, or Contaminate may cause inaccurate times.
  • Supply counts are checked every 10 seconds.